 Dungeon Crawl Stone Soup version 0.29-a0-664-gff9cad4a3d (webtiles) character file.

Game seed: 14860619175310160437

3388 Sobieck the Archer (level 10, -9/56 (59) HPs)
             Began as a Tengu Hunter on June 22, 2022.
             Was a Believer of Fedhas.
             Mangled by an orc knight
             ... wielding a +0 halberd
              (40 damage)
             ... in a bailey.
             The game lasted 00:30:36 (11209 turns).

Sobieck the Archer (Tengu Hunter)                  Turns: 11209, Time: 00:30:37

HP:   -9/56 (59)    AC:  6    Str:  9    XL:     10   Next: 4%
MP:   18/21         EV: 18    Int: 10    God:    Fedhas [**....]
Gold: 459           SH:  0    Dex: 22    Spells: 9/9 levels left

rFire   . . .      SeeInvis .   a - +2 shortbow {bow}
rCold   . . .      Faith    .   (shield currently unavailable)
rNeg    . . .      Spirit   .   H - +1 leather armour {Will+}
rPois   .          Reflect  .   (helmet restricted)
rElec   .          Harm     .   (no cloak)
rCorr   .          Rampage  .   (no gloves)
Will    +....      Clarity  +   (boots unavailable)
Stlth   +++.......              (no amulet)
HPRegen 0.18/turn               j - ring of wizardry
MPRegen 0.17/turn               B - ring of magical power

@: flying quickly and evasively, drained, quick
A: beak, talons 3, nimble flight, iridescent scales 1, clarity, weak 1,
evolution 1
a: Renounce Religion, Wall of Briars


You were in a bailey.
You worshipped Fedhas.
Fedhas was pleased with you.
You visited 2 branches of the dungeon, and saw 10 of its levels.
You also visited: Bailey.

You collected 459 gold pieces.


Innate Abilities, Weirdness & Mutations

You have a beak for a mouth.
You have claws for feet.
Your magical nature lets you fly swiftly and evasively.
You are partially covered in iridescent scales. (AC +2)
You possess an exceptional clarity of mind.
You are weak. (Str -2)
You have hidden genetic potential.


   Skills:
 + Level 5.0 Fighting
 - Level 12.0 Bows
 - Level 4.0 Armour
 + Level 5.4 Dodging
 - Level 5.0 Stealth
 * Level 2.6 Invocations


You had 9 spell levels left.
You didn't know any spells.
Your spell library contained the following spells:

 Spells                   Type           Power      Damage    Failure   Level
 Apportation              Tloc           0%         N/A       21%         1
 Foxfire                  Conj/Fire      0%         2x1d4     21%         1
 Necrotize                Necr           0%         1d4       21%         1
 Ignite Poison            Fire/Tmut/Pois 0%         N/A       50%         3
 Mephitic Cloud           Conj/Pois/Air  0%         N/A       50%         3
 Vampiric Draining        Necr           0%         2d6       50%         3
 Agony                    Necr           0%         N/A       99%         5
 Alistair's Intoxication  Tmut/Pois      0%         N/A       99%         5
 Freezing Cloud           Conj/Ice/Air   0%         6-21      99%         5
 Dispersal                Tloc           0%         N/A       100%        6
 Disjunction              Tloc           0%         N/A       100%        8

Inventory:

Hand Weapons
 a - a +2 shortbow (weapon) {bow}
 d - the +1 whip "Baigel" {freeze, rF+, mace}
   (You found it on level 5 of the Dungeon)

   It freezes those it strikes, dealing additional cold damage.
   It can also slow down cold-blooded creatures.
   rF:        It protects you from fire.
 G - a +0 whip of electrocution {mace}
   (You took it off an orc on level 5 of the Dungeon)
Missiles
 e - 53 stones {throwing}
 f - 13 poisoned darts {throwing}
 n - a curare-tipped dart {=fthrowing}
 q - 5 javelins {throwing}
 W - 2 boomerangs {throwing}
 Y - a throwing net {=f!fthrowing}
Armour
 s - a +0 leather armour
   (You found it on level 4 of the Dungeon)
 w - a +0 leather armour
   (You took it off an orc on level 4 of the Dungeon)
 x - a +0 leather armour
   (You took it off an orc on level 4 of the Dungeon)
 y - a +0 ring mail of fire resistance
   (You found it on level 5 of the Dungeon)
 z - a +0 ring mail of cold resistance
   (You found it on level 3 of the Dungeon)
 C - a +0 robe
   (You found it on level 3 of the Dungeon)
 D - a +0 chain mail
   (You found it on level 3 of the Dungeon)
 E - a +0 leather armour
   (You found it on level 3 of the Dungeon)
 F - a +0 ring mail
   (You took it off an orc on level 5 of the Dungeon)
 H - a +1 leather armour of willpower (worn)
   (You took it off Eustachio on level 5 of the Dungeon)
 J - a +0 chain mail
   (You took it off an orc on level 5 of the Dungeon)
 K - a +0 scale mail
   (You found it on level 5 of the Dungeon)
 N - a +0 leather armour
   (You found it on level 6 of the Dungeon)
 P - a +0 leather armour
   (You found it on level 6 of the Dungeon)
 R - a +0 chain mail
   (You took it off an orc on level 6 of the Dungeon)
 S - a +0 leather armour
   (You took it off an orc on level 6 of the Dungeon)
 T - a +0 robe
   (You took it off an orc wizard on level 6 of the Dungeon)
 V - a +0 leather armour
   (You found it on level 6 of the Dungeon)
 Z - a +0 robe
   (You took it off a wight on level 7 of the Dungeon)
Jewellery
 g - a ring of resist corrosion
   (You took it off an orc on level 7 of the Dungeon)
 j - a ring of wizardry (left hand)
   (You found it on level 1 of the Dungeon)
 u - a ring of fire
   (You found it on level 5 of the Dungeon)
 B - a ring of magical power (right hand)
   (You found it on level 3 of the Dungeon)
 L - a ring of ice
   (You found it on level 6 of the Dungeon)
Wands
 l - a wand of iceblast (14)
   (You found it on level 8 of the Dungeon)
 I - a wand of flame (19)
   (You took it off Eustachio on level 5 of the Dungeon)
 U - a wand of polymorph (15)
   (You found it on level 6 of the Dungeon)
Scrolls
 c - a scroll of immolation {!r!r}
 i - 2 scrolls of enchant armour
 p - a scroll of blinking {!r}
 A - 2 scrolls of fog
 O - 4 scrolls of teleportation {@r4}
 Q - 2 scrolls of magic mapping {!r}
 X - 2 scrolls of vulnerability {!r!r}
Potions
 b - a potion of brilliance {unknown}
 h - a potion of berserk rage {unknown}
 k - 5 potions of haste {@q3}
 m - 2 potions of curing {@q1}
 o - 3 potions of heal wounds {@q2}
 r - a potion of magic {unknown}
 t - a potion of mutation {!q}
 v - a potion of might
 M - a potion of attraction {unknown}

Dungeon Overview and Level Annotations

Branches:
Dungeon (9/15) Zot: 26582  Temple (1/1) D:6 Zot: 5917  Bailey (1/1) Zot: 5558
   Lair: D:8-11         Orc: D:9-12

Altars:
Ashenzari
Cheibriados
Dithmenos
Elyvilon
Fedhas
Kikubaaqudgha
Makhleb
Nemelex Xobeh
Okawaru
Qazlal
Ru
Sif Muna
Trog
Vehumet
Xom
Yredelemnul
Zin
The Shining One

Annotations:
D:4 2 runed translucent doors, Dordric's ghost, amateur DEHu
D:5 Dowan; Duvessa

### ### ##### ### ##
#∩###)###.'.###)# #)#
##'##'##)###'##'##'#
##....)## ##oo...#
###.PPPo#####.)...###
#)'.P∩Po'.#.'..)..'.#
###..@§.#####...P.###
##.....## #...P.##
##'##'##'###+##'##'##
#.###)###.#.# #)###.#
### ### ##### ### #'#
#g#g###)###.#
+###o##'##'##
##[....## #.....###


You could see an orc knight (strong, ally target), a gnoll and 2 orcs.


Message History

You see here a +0 halberd of electrocution {polearm}.
You shoot an arrow. Fedhas protects your plant from harm.
The arrow hits the orc knight!
The orc knight hits your briar patch with a +0 halberd!
Your briar patch is destroyed!
Your briar patch disappears in a puff of smoke!
The orc drinks a potion.
The orc seems to speed up.
You shoot an arrow. Fedhas protects your plant from harm.
The arrow hits the orc knight.
You shoot an arrow. The arrow hits the orc knight!
There is an open door here.
A briar patch grows up from the ground. x2
You fly carefully through the plants.
The orc knight roars a battlecry!
The orc goes into a battle-frenzy!
The orc knight is struck by your briar patch's thorns.
The orc knight hits your briar patch with a +0 halberd!
Something hits your briar patch!
Your briar patch is destroyed!
Your briar patch disappears in a puff of smoke!
There is an open door, spattered with blood here.
Unknown command.
You shoot an arrow. Fedhas protects your plant from harm.
The arrow hits the orc.
There is an open door, spattered with blood here.
Items here: ))) ÷÷.
You see here a +0 halberd of draining {polearm}.
There is a gate leading back out of this place here.
A briar patch grows up from the ground. x8
Danger!
You shoot an arrow. Fedhas protects your plant from harm.
The arrow hits the orc knight!
You shoot an arrow. Fedhas protects your plant from harm.
The arrow barely misses the orc knight.
The orc no longer looks unusually strong.
The orc knight roars a battlecry!
The orc goes into a battle-frenzy!
You shoot an arrow. Fedhas protects your plant from harm.
The arrow hits the orc knight!
You shoot an arrow. Fedhas protects your plant from harm.
The arrow barely misses the orc knight.
The arrow hits the orc.
Unknown command.
You shoot an arrow. Fedhas protects your plant from harm.
The arrow misses the orc knight.
The orc shouts!
The arrow hits the orc but does no damage.
The orc knight hits you from afar with a +0 halberd!!
You fly carefully through the plants.
You are too injured to fight recklessly!
You are too injured to fight recklessly!
Unknown command.
Shoot: a) +2 shortbow {bow}
Press: ? - help, Q - select action, (/) - cycle Shift-Dir - straight line, f/p - orc knight
Aim: an orc knight, wielding a +0 halberd (severely wounded, ally target, 65% to hit)
You shoot an arrow. Fedhas protects your plant from harm.
The arrow closely misses the orc knight.
Shoot: a) +2 shortbow {bow}
Press: ? - help, Q - select action, (/) - cycle Shift-Dir - straight line, f/p - orc knight
Aim: an orc knight, wielding a +0 halberd (severely wounded, ally target, 65% to hit)
You shoot an arrow. Fedhas protects your plant from harm.
Fedhas protects your plant from harm.
The arrow closely misses the orc knight.
Shoot: a) +2 shortbow {bow}
Press: ? - help, Q - select action, (/) - cycle Shift-Dir - straight line, f/p - orc knight
Aim: an orc knight, wielding a +0 halberd (severely wounded, ally target, 65% to hit)
You shoot an arrow. Fedhas protects your plant from harm.
Fedhas protects your plant from harm.
The arrow hits the orc knight!
The orc hits you from afar with a +0 trident.
The orc knight hits you from afar with a +0 halberd!
There is a gate leading back out of this place, spattered with blood here.
You fly carefully through the plants.
The orc barely misses you.
You see here a +0 halberd of draining {polearm}.
The orc no longer looks unusually strong.
The orc barely misses you.
The orc knight drinks a potion.
The orc knight seems to grow stronger.
The orc barely misses you. The orc barely misses you.
There is an open door here.
Your briar patch disappears in a puff of smoke! x2
The orc misses you. The orc closely misses you.
Unknown command.
You fly carefully through the plants.
The orc misses you.
The orc knight hits you from afar with a +0 halberd!!!
Ouch! That really hurt!
You die...
Fedhas appreciates your contribution to the ecosystem.

Skill      XL: |  1  2  3  4  5  6  7  8  9 10 |
---------------+-------------------------------+-----
Bows           | 5 6 7 9 10 12 | 12.0
Armour         | 2 4 |  4.0
Stealth        | 2 4 5 |  5.0
Dodging        | 3 5 |  5.4
Fighting       | 4 5 |  5.0
Invocations    | 2 |  2.6

Action                   |  1- 3 |  4- 6 |  7- 9 | 10-12 || total
-------------------------+-------+-------+-------+-------++-------
 Fire: Shortbow          |    83 |   166 |   408 |    77 ||   734
Invok: Wall of Briars    |       |       |       |     3 ||     3
  Use: Scroll            |       |    11 |     5 |       ||    16
       Potion            |       |       |     4 |       ||     4
Armor: Leather armour    |     5 |    22 |    25 |     3 ||    55
Dodge: Dodged            |    25 |    80 |   145 |    28 ||   278

Levels and vault maps discovered:
D:1:      ncdulo_lavacross, layout_loops_cross,
          shapermc_ecumenical_altar_rom_forum, chequers_hall_statues_y
D:2:      kennysheep_the_goblin_king, layout_basic,
          wander_ebering_terrifying_dragon_lair
D:3:      layout_basic, lemuel_doored_altar, kennysheep_pointless_box,
          chequers_jeans, minmay_misc_feat_alley
D:4:      layout_rooms, nicolae_ashenzari_skybound, ebering_ghost_disaster_area,
          lemuel_old_faithful
D:5:      layout_rooms, minmay_curled_crystal, uniq_blork_the_orc,
          uniq_eustachio, uniq_duvessa
D:6:      layout_basic, minmay_temple_entry_mini_moons
D:7:      layout_basic, dreamdust_mushroom_princess
D:8:      layout_basic, nemelex_spade_bored_becter, kennysheep_vampire_church
D:9:      layout_long_grid, worldfamousw_hep_ancestral_shrine,
          amcnicky_altar_gilded, serial_shops, nicolae_shop_window_shopping,
          enter_bailey_5, chequers_serial_rivers_micro_d,
          grunt_decor_mini_mirrors, uniq_harold, uniq_erolcha
Temple:   compressed_dpeg_circular_temple
Bailey:   bailey_polearm_nasty_gnolls, bailey

Notes
Turn   | Place    | Note
-------+----------+-------------------------------------------
     0 | D:1      | Sobieck the Tengu Hunter began the quest for the Orb.
     0 | D:1      | Reached XP level 1. HP: 12/12 MP: 2/2
   206 | D:1      | Reached XP level 2. HP: 17/17 MP: 3/3
   335 | D:1      | Reached skill level 5 in Bows
   396 | D:1      | Found a faded altar of an unknown god.
   404 | D:1      | Got Plato's Reference Book on Flames
   727 | D:2      | Reached XP level 3. HP: 21/21 MP: 4/4
  1350 | D:2      | You pick up a book of the Warp and begin reading...
  1350 | D:2      | You add the spells Dispersal and Disjunction to your
                  | library.
  1437 | D:2      | Reached skill level 6 in Bows
  1597 | D:3      | Reached XP level 4. HP: 26/26 MP: 5/5
  1894 | D:3      | You fall into a shaft and drop 1 floor!
  1902 | D:4      | Found a broken altar of Ashenzari.
  1905 | D:4      | You pick up a book of Necromancy and begin reading...
  1905 | D:4      | You add the spells Necrotize, Vampiric Draining and Agony
                  | to your library.
  1914 | D:4      | Found a large runed translucent door.
  1915 | D:4      | Found a large runed translucent door.
  1921 | D:4      | Noticed Dordric's ghost (amateur DEHu)
  2130 | D:4      | Noticed a black bear
  2455 | D:3      | You add the spells Ignite Poison, Mephitic Cloud and
                  | Freezing Cloud to your library.
  2552 | D:3      | Found a stormy altar of Qazlal.
  3084 | D:4      | Reached skill level 7 in Bows
  3084 | D:4      | Gained mutation: Your magical nature lets you fly swiftly
                  | and evasively. [Tengu growth]
  3084 | D:4      | Reached XP level 5. HP: 14/30 MP: 6/6
  3396 | D:4      | Noticed a phantom
  3529 | D:3      | Killed a phantom
  3895 | D:3      | Reached XP level 6. HP: 25/35 MP: 7/7
  4121 | D:3      | Killed a black bear
  4122 | D:3      | Reached skill level 8 in Bows
  4298 | D:5      | Entered Level 5 of the Dungeon
  4298 | D:5      | Noticed an ice beast
  4329 | D:5      | You pick up a book of Party Tricks and begin reading...
  4329 | D:5      | You add the spells Apportation and Alistair's Intoxication
                  | to your library.
  4340 | D:5      | Identified the +1 whip "Baigel" {freeze, rF+}
  4399 | D:4      | HP: 7/35 [poisoned by a scorpion]
  4403 | D:4      | HP: 3/35 [poisoned by a scorpion]
  4935 | D:5      | Noticed Blork the orc
  4988 | D:5      | Noticed Eustachio
  5059 | D:4      | Reached skill level 9 in Bows
  5059 | D:4      | Reached XP level 7. HP: 34/40 MP: 8/8
  5392 | D:5      | HP: 9/40 [ice beast (14)]
  5793 | D:5      | Killed Eustachio
  5794 | D:5      | Reached skill level 10 in Bows
  6002 | D:5      | Noticed Duvessa
  6097 | D:5      | Killed Blork the orc
  6098 | D:5      | Reached XP level 8. HP: 15/44 MP: 9/9
  6330 | D:5      | Noticed Dowan
  6548 | D:6      | Reached skill level 11 in Bows
  7049 | D:6      | Found a staircase to the Ecumenical Temple.
  7118 | Temple   | Entered the Ecumenical Temple
  7194 | Temple   | Became a worshipper of Fedhas Madash
  7398 | D:6      | Reached skill level 12 in Bows
  7684 | D:7      | Reached skill level 1 in Armour
  7834 | D:7      | HP: 8/45 [gnoll sergeant/+2 spear of flaming (8)]
  8303 | D:7      | Reached skill level 2 in Stealth
  8315 | D:7      | Reached skill level 3 in Dodging
  8324 | D:7      | Reached skill level 2 in Armour
  8324 | D:7      | Reached XP level 9. HP: 44/49 MP: 10/10
  8337 | D:7      | Reached skill level 3 in Fighting
  8376 | D:7      | Reached skill level 3 in Stealth
  8454 | D:7      | Reached * piety under Fedhas
  8540 | D:7      | Reached skill level 3 in Armour
  8540 | D:7      | Reached skill level 4 in Dodging
  9010 | D:7      | Reached skill level 4 in Fighting
  9022 | D:7      | HP: 12/52 [gnoll sergeant/+2 spear of flaming (5)]
  9027 | D:7      | HP: 8/52 [poisoned by a gnoll sergeant]
  9032 | D:7      | HP: 6/52 [poisoned by a gnoll sergeant]
  9387 | D:7      | Reached skill level 4 in Stealth
  9515 | D:7      | Gained mutation: You possess an exceptional clarity of
                  | mind. [potion of mutation]
  9515 | D:7      | Gained mutation: You are weak. (Str -2) [potion of
                  | mutation]
  9515 | D:7      | Gained mutation: You are partially covered in iridescent
                  | scales. (AC +2) [potion of mutation]
  9515 | D:7      | Gained mutation: You have hidden genetic potential. [potion
                  | of mutation]
  9686 | D:8      | Reached skill level 4 in Armour
  9712 | D:8      | Reached ** piety under Fedhas
  9781 | D:8      | Reached skill level 1 in Invocations
  9864 | D:8      | Found a sparkling altar of Nemelex Xobeh.
  9953 | D:8      | Reached skill level 5 in Dodging
  9985 | D:8      | Identified the +11 falchion of the Pariah {elec, Contam
                  | rElec rC+ Int+7}
 10274 | D:8      | Found an ancient bone altar of Kikubaaqudgha.
 10389 | D:8      | Reached skill level 2 in Invocations
 10531 | D:9      | Reached XP level 10. HP: 30/58 MP: 12/12
 10739 | D:9      | Found a flagged portal.
 10748 | Bailey   | Entered a bailey
 10865 | Bailey   | Reached skill level 5 in Stealth
 11101 | Bailey   | Reached *** piety under Fedhas
 11102 | Bailey   | Reached skill level 5 in Fighting
 11166 | Bailey   | Noticed an orc knight
 11209 | Bailey   | Mangled by an orc knight

Vanquished Creatures
  Eustachio (D:5)
  2 steam dragons
  An orc warrior (D:7)
  A sky beast (D:6)
  2 black bears
  2 ice beasts
  3 phantoms
  Blork the orc (D:5)
  A kobold brigand (D:8)
  3 necrophages
  4 scorpions
  A gnoll sergeant (D:7)
  9 wights
  6 killer bees
  3 howler monkeys (D:7)
  3 jellies (D:6)
  4 hounds
  A gnoll shaman (D:7)
  An iguana (D:4)
  2 orc wizards
  19 gnolls
  6 adders
  3 shadow imps
  2 ufetubi (D:4)
  2 worms (D:3)
  3 dart slugs
  30 orcs
  4 bats
  5 bat skeletons (D:8)
  A bat zombie (D:8)
  3 endoplasms
  A giant cockroach (D:2)
  17 goblins
  8 hobgoblins
  3 jackals (D:4)
  4 quokkas
  7 ball pythons
  4 frilled lizards
  7 kobolds
  A rat (D:1)
181 creatures vanquished.

Vanquished Creatures (others)
  8 fungi (D:7)
8 creatures vanquished.

Grand Total: 189 creatures vanquished

Table legend:
 A = Non-vault XP
 B = Vault XP
 C = Vault XP percentage of total XP
 D = Non-vault monster count
 E = Vault monster count
 F = Vault count percentage of total count
                 A         B        C        D         E       F
            +---------+---------+-------+---------+---------+-------
      Total |    4397 |     444 |   9.2 |     146 |      35 |  19.3
            +---------+---------+-------+---------+---------+-------
        D:1 |      32 |       0 |   0.0 |      19 |       0 |   0.0
        D:2 |      35 |      15 |  30.0 |      14 |       8 |  36.4
        D:3 |     290 |       0 |   0.0 |      18 |       0 |   0.0
        D:4 |     519 |       0 |   0.0 |      21 |       0 |   0.0
        D:5 |      46 |     297 |  86.6 |       5 |       2 |  28.6
        D:6 |     852 |       0 |   0.0 |      16 |       0 |   0.0
        D:7 |    1559 |       0 |   0.0 |      32 |       0 |   0.0
        D:8 |     897 |      12 |   1.3 |      17 |       6 |  26.1
        D:9 |     167 |       8 |   4.6 |       4 |       4 |  50.0
     Bailey |       0 |     112 | 100.0 |       0 |      15 | 100.0
            +---------+---------+-------+---------+---------+-------

Illustrated notes

Table legend:
 A = Kills in this place as a percentage of kills in entire the game.
 B = Kills by you in this place as a percentage of kills by you in the entire game.
 C = Kills by friends in this place as a percentage of kills by friends in the entire game.
 D = Other kills in this place as a percentage of other kills in the entire game.
 E = Experience gained in this place as a percentage of experience gained in the entire game.
 F = Experience gained in this place divided by the number of levels of this place that you have seen.
                   A       B       C       D       E      F
               +-------+-------+-------+-------+-------+----------------------
         Total | 100.0 | 100.0 |   N/A |   N/A | 100.0 | 440.1
       Dungeon |  91.7 |  91.7 |   N/A |   N/A |  97.7 | 525.4
        Bailey |   8.3 |   8.3 |   N/A |   N/A |   2.3 | 112.0
               +-------+-------+-------+-------+-------+----------------------

Table legend: (Time is in decaauts)
 A = Elapsed time spent in this place.
 B = Non-inter-level travel time spent in this place.
 C = Inter-level travel time spent in this place.
 D = Time resting spent in this place.
 E = Time spent auto-exploring this place.
 F = Levels seen in this place.
 G = Mean time per level.
                   A        B        C        D        E       F      G
               +--------+--------+--------+--------+--------+-----+--------+
         Total |  10828 |  10198 |    630 |   2963 |   4605 |  11 |  984.4 |
       Dungeon |  10305 |   9688 |    617 |   2770 |   4552 |   9 | 1145.0 |
        Temple |     82 |     69 |     13 |      0 |     53 |   1 |   82.0 |
        Bailey |    440 |    440 |      0 |    193 |      0 |   1 |  440.0 |
               +--------+--------+--------+--------+--------+-----+--------+

Top non-repeatable levels by time:
     D:4: 2045 daAuts
     D:3: 1604 daAuts
     D:6: 1514 daAuts
     D:7: 1342 daAuts
     D:2: 1041 daAuts
     D:8: 888 daAuts
     D:5: 814 daAuts
     D:1: 805 daAuts
  Bailey: 440 daAuts
     D:9: 249 daAuts
  Temple: 82 daAuts
